 Dungeon Crawl Stone Soup version 0.28.0-45-g0d030f2227 (webtiles) character file.

Game seed: 4027844353182451437

8302 Peloso the Protected (level 11, -9/97 HPs)
             Began as a Minotaur Fighter on Apr 3, 2022.
             Was a High Priest of Okawaru.
             Mangled by an orc knight
             ... wielding a +0 glaive
              (17 damage)
             ... in a bailey.
             The game lasted 00:21:23 (9365 turns).

Peloso the Protected (Minotaur Fighter)             Turns: 9365, Time: 00:21:24

Health: -9/97      AC: 19    Str: 24    XL:     11   Next: 8%
Magic:  11/11      EV:  7    Int:  5    God:    Okawaru [*****.]
Gold:   599        SH: 10    Dex: 11    Spells: 10/10 levels left

rFire   + . .      SeeInvis .   a - +5 long sword
rCold   . . .      Faith    .   d - +0 kite shield
rNeg    . . .      Spirit   .   O - +0 plate armour
rPois   +          Reflect  .   L - +1 hat
rElec   .          Harm     .   i - +0 cloak
rCorr   .          Rampage  .   x - +0 pair of gloves
Will    .....                   (no boots)
Stlth   ..........              (no amulet)
HPRegen 0.26/turn               I - ring of poison resistance
MPRegen 0.12/turn               (no ring)

@: no status effects
A: horns 2, retaliatory headbutt, fire resistance 1, shaggy fur 1
a: Renounce Religion, Heroism, Finesse, Duel


You were in a bailey.
You worshipped Okawaru.
Okawaru was extremely pleased with you.
You visited 2 branches of the dungeon, and saw 10 of its levels.
You also visited: Bailey.

You collected 599 gold pieces.

Inventory:

Hand Weapons
 a - a +5 long sword (weapon)
 b - the +11 short sword of Certain Death {vorpal, Will+ Str+4 Int-2}
   (You found it on level 2 of the Dungeon)

   It inflicts extra damage upon your enemies.
   Str:       It affects your strength (+4).
   Int:       It affects your intelligence (-2).
   Will:      It increases your willpower.
 J - a +0 hand crossbow
Missiles
 j - a throwing net (quivered)
 K - 16 bolts
Armour
 c - a +0 buckler
 d - a +0 kite shield (worn)
 h - the +1 scale mail of the Cockatrice {rC+}
   (You found it on level 7 of the Dungeon)

   rC:        It protects you from cold.
 i - a +0 cloak (worn)
 x - a +0 pair of gloves (worn)
 L - a +1 hat (worn)
 O - a +0 plate armour (worn)
Jewellery
 E - a ring of fire
 I - a ring of poison resistance (left hand)
 M - a ring of ice
Wands
 G - a wand of paralysis (10)
 H - a wand of flame (21)
Scrolls
 g - 2 scrolls of teleportation
 m - a scroll of fog {unknown}
 p - a scroll of magic mapping {unknown}
 q - 2 scrolls of immolation {unknown}
 r - 2 scrolls of fear {unknown}
 v - a scroll of brand weapon {unknown}
 y - a scroll of noise {unknown}
 A - 5 scrolls of enchant weapon
 B - 2 scrolls of amnesia {unknown}
 C - 4 scrolls of blinking {unknown}
 D - a scroll of enchant armour {unknown}
 F - 2 scrolls of acquirement
Potions
 e - a potion of mutation
 f - 5 potions of magic
 k - 3 potions of heal wounds
 l - 4 potions of haste
 o - a potion of invisibility
 s - 2 potions of might
 t - 4 potions of brilliance
 u - 2 potions of curing
 w - 2 potions of resistance {unknown}
 z - a potion of lignification {unknown}
 N - a potion of cancellation {unknown}


   Skills:
 + Level 9.4 Fighting
 + Level 8.9(10.2) Short Blades
 + Level 8.6(10.6) Long Blades
 + Level 10.2 Armour
 + Level 3.7 Dodging
 + Level 1.4 Stealth
 + Level 8.9 Shields
 + Level 1.5 Invocations


You had 10 spell levels left.
You didn't know any spells.
Your spell library contained the following spells:

 Spells                   Type           Power      Damage    Failure   Level
 Slow                     Hex            0%         N/A       100%        1
 Ensorcelled Hibernation  Hex/Ice        0%         N/A       100%        2
 Passwall                 Tmut/Erth      0%         N/A       100%        2
 Static Discharge         Conj/Air       0%         N/A       100%        2
 Sublimation of Blood     Necr           0%         N/A       100%        2
 Wereblood                Tmut           0%         N/A       100%        2
 Confusing Touch          Hex            0%         N/A       100%        3
 Gell's Gravitas          Tloc           0%         N/A       100%        3
 Lesser Beckoning         Tloc           0%         N/A       100%        3
 Swiftness                Air            0%         N/A       100%        3
 Teleport Other           Tloc           0%         N/A       100%        3
 Vampiric Draining        Necr           0%         2d6       100%        3
 Airstrike                Air            0%         N/A       100%        4
 Dispel Undead            Necr           0%         3d6       100%        4
 Sticky Flame             Conj/Fire      0%         2d3       100%        4
 Lightning Bolt           Conj/Air       0%         1d11      100%        5
 Summon Lightning Spire   Summ/Air       Unusable   N/A       N/A         4
 Summon Hydra             Summ           Unusable   N/A       N/A         7

Dungeon Overview and Level Annotations

Branches:
Dungeon (9/15)             Temple (1/1) D:4          Bailey (1/1)
   Lair: D:8-11         Orc: D:9-12

Altars:
Cheibriados
Dithmenos
Elyvilon
Fedhas
Gozag
Hepliaklqana
Makhleb
Nemelex Xobeh
Okawaru
Qazlal
Ru
Sif Muna
Vehumet
Wu Jian
Xom
The Shining One

Shops:
D:3 [


Innate Abilities, Weirdness & Mutations

You have a pair of horns on your head.
You reflexively headbutt those who attack you in melee.
Your flesh is heat resistant. (rF+)
You are covered in fur. (AC +1)


Message History

Okawaru accepts your kill.
A - 5 scrolls of enchant weapon (gained 3)
Things that are here:
a +0 glaive; a +0 plate armour; an orc corpse
There is a huge open gate here.
An orc knight comes into view. It is wielding a +0 glaive.
Found 3 scrolls of summoning.
The orc knight shouts!
The orc knight roars a battlecry!
An orc knight and an orc warrior come into view.
Found a scroll of acquirement and 2 scrolls of summoning.
The orc knight shouts!
The orc warrior shouts!
The orc knight roars a battlecry!
The orc knight goes into a battle-frenzy!
There is a huge open gate here.
Aiming: Paralyse
Press: ? - help, Shift-Dir - straight line, f - orc knight
Aim: an orc knight, wielding a +0 glaive and wearing a +0 chain mail (strong, chance to affect: 31%)
The orc knight suddenly stops moving!
There is a huge open gate here.
The orc warrior hits you from afar with a +0 spear!
The helpless orc knight fails to defend itself.
You slash the orc knight!
The orc knight is lightly wounded.
The orc warrior hits you from afar with a +0 spear!!
The orc knight hits you from afar with a +0 glaive!!
* * * LOW HITPOINT WARNING * * *
The helpless orc knight fails to defend itself.
You slash the orc knight! You headbutt the orc knight!
The orc knight is heavily wounded.
The orc warrior hits you from afar with a +0 spear!
* * * LOW HITPOINT WARNING * * *
You block the orc knight's attack.
The helpless orc knight fails to defend itself.
You slice the orc knight!!
You headbutt the orc knight, but do no damage.
The orc knight is severely wounded.
You block the orc warrior's attack.
The orc knight hits you from afar with a +0 glaive!
You die...

##.....##
#.......#
#..#.#..#
#.......#
#...)...#
#.......#
##.....##
#'''''#
##..@..##
#...o...#
#...oo..#
#.......#
#.......#
#.......#
#.......#
#....?..#
#.......#


You could see 2 orc knights and an orc warrior (strong).

Vanquished Creatures
  3 centaur warriors (D:8)
  A deep elf pyromancer (D:7)
  Joseph (D:7)
  Maggie (D:8)
  A troll (D:8)
  A hornet (D:8)
  2 wyverns (D:7)
  4 water moccasins
  Duvessa (D:7)
  6 orc warriors (Bailey)
  3 black bears
  2 ice beasts
  7 centaurs
  A kobold brigand (D:8)
  5 bullfrogs
  A wyvern zombie (D:7)
  A gnoll sergeant (D:8)
  A water moccasin zombie (D:6)
  2 scorpions
  Dowan (D:7)
  2 water moccasin skeletons
  A killer bee (D:8)
  11 wights
  5 howler monkeys
  A centaur zombie (D:8)
  2 jellies
  4 orc priests
  3 gnoll shamans
  3 hounds
  2 centaur skeletons
  2 bullfrog skeletons (D:5)
  4 iguanas
  3 orc wizards
  A hound skeleton (D:5)
  5 adders
  26 gnolls
  A howler monkey skeleton (D:4)
  3 white imps
  2 ufetubi
  3 adder skeletons
  6 worms
  4 dart slugs
  41 orcs
  4 bats (D:3)
  6 endoplasms
  6 giant cockroaches
  13 goblins
  4 hobgoblins
  4 jackals (D:4)
  9 kobolds
  7 quokkas
  8 ball pythons
  6 frilled lizards
  A rat (D:2)
248 creatures vanquished.

Vanquished Creatures (others)
  3 plants
3 creatures vanquished.

Grand Total: 251 creatures vanquished

Notes
Turn   | Place    | Note
-------+----------+-------------------------------------------
     0 | D:1      | Peloso the Minotaur Fighter began the quest for the Orb.
     0 | D:1      | Reached XP level 1. HP: 19/19 MP: 0/0
   333 | D:1      | Gained mutation: Your flesh is heat resistant. (rF+)
                  | [potion of mutation]
   333 | D:1      | Gained mutation: You are covered in fur. (AC +1) [potion of
                  | mutation]
   525 | D:1      | Reached XP level 2. HP: 27/27 MP: 1/1
   781 | D:2      | Found a faded altar of an unknown god.
   811 | D:2      | Reached skill level 4 in Armour
   817 | D:2      | Reached XP level 3. HP: 16/33 MP: 2/2
  1129 | D:2      | Identified the +11 short sword of Certain Death {vorpal,
                  | Will+ Str+4 Int-2}
  1147 | D:2      | Found a sparkling altar of Nemelex Xobeh.
  1425 | D:2      | Reached XP level 4. HP: 36/40 MP: 3/3
  1683 | D:3      | Reached skill level 1 in Short Blades
  1717 | D:3      | Reached XP level 5. HP: 20/46 MP: 4/4
  1928 | D:3      | Reached skill level 1 in Dodging
  2096 | D:3      | Reached skill level 5 in Armour
  2103 | D:3      | Reached XP level 6. HP: 52/53 MP: 5/5
  2317 | D:3      | Found Epacux's Armour Boutique.
  2810 | D:4      | Found a stormy altar of Qazlal.
  2813 | D:4      | Reached XP level 7. HP: 60/60 MP: 6/6
  2891 | D:4      | Reached skill level 5 in Fighting
  2933 | D:4      | Reached skill level 6 in Armour
  3108 | D:4      | Found a staircase to the Ecumenical Temple.
  3146 | Temple   | Entered the Ecumenical Temple
  3156 | Temple   | Became a worshipper of Warmaster Okawaru
  3190 | D:4      | Reached skill level 5 in Short Blades
  3821 | D:5      | Entered Level 5 of the Dungeon
  3954 | D:5      | Reached XP level 8. HP: 50/70 MP: 7/7
  4156 | D:5      | Reached * piety under Okawaru
  4157 | D:5      | Reached skill level 5 in Shields
  4282 | D:5      | Reached skill level 7 in Armour
  4907 | D:6      | Found a glowing golden altar of the Shining One.
  4930 | D:6      | Reached ** piety under Okawaru
  4995 | D:6      | Reached skill level 8 in Armour
  4997 | D:6      | Reached XP level 9. HP: 68/78 MP: 8/8
  5676 | D:7      | Reached skill level 1 in Stealth
  5789 | D:8      | Noticed a centaur warrior
  5793 | D:8      | Noticed a deep elf pyromancer
  6131 | D:8      | Killed a centaur warrior
  6131 | D:8      | Reached *** piety under Okawaru
  6132 | D:8      | Reached skill level 5 in Long Blades
  6132 | D:8      | Reached skill level 9 in Armour
  6158 | D:7      | Killed a deep elf pyromancer
  6470 | D:8      | Noticed a centaur warrior
  6490 | D:8      | Killed a centaur warrior
  6490 | D:8      | Reached **** piety under Okawaru
  6491 | D:8      | Reached XP level 10. HP: 21/88 MP: 9/9
  6782 | D:8      | Noticed a centaur warrior
  6817 | D:8      | Killed a centaur warrior
  7030 | D:7      | Identified the +1 scale mail of the Cockatrice {rC+}
  7213 | D:8      | Paralysed by an orc for 5 turns
  7285 | D:8      | Found a shadowy altar of Dithmenos.
  7289 | D:8      | Found a snail-covered altar of Cheibriados.
  7297 | D:8      | Found a blossoming altar of Fedhas.
  7387 | D:8      | Noticed Maggie
  7402 | D:8      | Killed Maggie
  7403 | D:8      | Reached skill level 10 in Armour
  7438 | D:8      | Reached skill level 1 in Invocations
  7455 | D:8      | Paralysed by a hornet for 1 turns
  7457 | D:8      | Paralysed by a hornet for 3 turns
  8331 | D:7      | Noticed Duvessa
  8345 | D:7      | Killed Duvessa
  8354 | D:7      | Noticed Dowan
  8364 | D:7      | Killed Dowan
  8486 | D:7      | Noticed Joseph
  8497 | D:7      | Killed Joseph
  8504 | D:7      | Reached ***** piety under Okawaru
  8971 | D:9      | Reached XP level 11. HP: 93/97 MP: 10/10
  9035 | D:9      | Found a flagged portal.
  9045 | Bailey   | Entered a bailey
  9353 | Bailey   | Noticed an orc knight
  9355 | Bailey   | Noticed an orc knight
  9365 | Bailey   | Mangled by an orc knight

Illustrated notes

Levels and vault maps discovered:
D:1:      minmay_arrival_plants_in_alcoves, layout_loops_ring, serial_bayou,
          serial_bayou_pond_a, serial_bayou_lagoon_a, serial_bayou_shore_b,
          serial_bayou_pond_c, grunt_decor_junction
D:2:      layout_rooms, serial_rivers, chequers_serial_rivers_micro_c,
          chequers_serial_rivers_large_b, chequers_serial_rivers_micro_e,
          chequers_serial_rivers_marsh, basic_altar,
          ebering_ecumenical_altar_sacrificial
D:3:      minmay_razor_zed, layout_basic, serial_shops, nicolae_square_shop,
          nicolae_grassy_gnolls
D:4:      cheibrodos_barr_body, layout_layer_cave, mainiacjoe_overflow_alcove_2,
          minmay_temple_entry_wispy, minmay_distorted
D:5:      layout_loops_ring
D:6:      layout_cave_pools, lemuel_tele_altar, feat_on_display
D:7:      kb_forest_paths, layout_gridville, uniq_joseph, uniq_duvessa
D:8:      minmay_blocky_corners, layout_rooms, grunt_temple_overflow_diamond,
          kennysheep_cross_bottleneck, minivault_1, grunt_ministairs_8,
          kennysheep_potato, uniq_maggie
D:9:      layout_layer_cave, evilmike_ruin_ashenzari, enter_bailey_3,
          nicolae_shop_unique_rings, chequers_serial_rivers_micro_b
Temple:   cyrus_circular_temple
Bailey:   bailey_polearm_5, bailey

Skill      XL: |  1  2  3  4  5  6  7  8  9 10 |
---------------+-------------------------------+-----
Armour         | 4 5 6 8 9 10 | 10.2
Fighting       | 4 5 6 8 9 |  9.4
Long Blades    | 3 4 6 8 |  8.6
Shields        | 4 5 7 8 |  8.9
Short Blades   | 1 3 4 6 7 8 |  8.9
Dodging        | 1 2 3 |  3.7
Stealth        | 1 |  1.4
Invocations    | 1 |  1.5

Action                   |  1- 3 |  4- 6 |  7- 9 | 10-12 || total
-------------------------+-------+-------+-------+-------++-------
Melee: Long sword        |    39 |       |    37 |   207 ||   283
       Headbutt          |     5 |    12 |    37 |    38 ||    92
       Short sword       |    15 |    90 |   191 |       ||   296
Throw: Throwing net      |       |       |       |     1 ||     1
Invok: Heroism           |       |       |     2 |    11 ||    13
Evoke: Wand              |       |       |       |     1 ||     1
  Use: Potion            |     1 |       |       |     1 ||     2
       Scroll            |       |       |     3 |     3 ||     6
 Stab: Paralysed         |       |       |       |     3 ||     3
Armor: Scale mail        |    18 |     8 |       |       ||    26
       Chain mail        |       |    28 |    95 |   101 ||   224
       Plate armour      |       |       |       |     1 ||     1
Dodge: Dodged            |    26 |    52 |    50 |    66 ||   194
Block: Buckler           |     8 |    15 |     2 |       ||    25
       Kite shield       |       |       |    92 |   141 ||   233
